[Event "Titled Tuesday Blitz December 06 Early 2022"]
[White "Urbina Perez, Juan Antonio"]
[Black "Darini, Pouria"]
[WhiteFideId "2217368"]
[BlackFideId "12502200"]
[WhiteElo "2197"]
[BlackElo "2482"]
[Result "0-1"]
[Round "04"]
[TimeControl "180+1"]
[Date "2022.12.07"]
[WhiteClock "0:00:09"]
[BlackClock "0:00:07"]

1. d4 Nf6 2. c4 e6 3. Nf3 d5 4. g3 Be7 5. Bg2 O-O 6. O-O dxc4 7. Ne5 Nc6 8. Bxc6 bxc6 9. Nxc6 Qe8 10. Nxe7+ Qxe7 11. Qa4 e5 12. dxe5 Qxe5 13. Qxc4 Be6 14. Qc2 Bf5 15. Qc4 Be6 16. Qc2 Qh5 17. Nc3 Rfe8 18. Re1 Bf5 19. Qa4 Ne4 20. Nxe4 Bxe4 21. Bf4 Re6 22. f3 Bc6 23. Qc4 Rae8 24. g4 Qa5 25. b4 Qb6+ 26. Qc5 Bxf3 27. Qxb6 cxb6 28. e3 Bxg4 29. Rac1 Bf3 30. Rc7 a6 31. Kf2 Be4 32. Rec1 h5 33. Rc8 Rxc8 34. Rxc8+ Kh7 35. Rc7 f6 36. h4 b5 37. a3 Kg6 38. Rc5 Re7 39. Rc7 Re6 40. Rc5 Re8 41. Rc7 Rd8 42. Ra7 Rd2+ 43. Ke1 Ra2 44. Rxa6 Kf5 45. a4 g5 46. hxg5 fxg5 47. Bd6 Rxa4 48. Rxa4 bxa4 49. b5 Bb7 50. Kf2 h4 51. Be7 Kg4 52. Kg1 Kh5 53. Kh2 g4 54. Ba3 g3+ 55. Kh3 Bc8+ 56. Kg2 Kg4 57. Bd6 h3+ 58. Kg1 Bb7 59. e4 Bxe4 60. b6 h2+ 0-1


[Site "https://www.chess.com"]

[Event "Titled Tuesday Blitz December 06 Early 2022"]
[White "Vifleemskaia, Svetlana"]
[Black "Danielyan, Vahe"]
[WhiteFideId "4129490"]
[BlackFideId "13304828"]
[WhiteElo "1930"]
[BlackElo "2423"]
[Result "0-1"]
[Round "04"]
[TimeControl "180+1"]
[Date "2022.12.07"]
[WhiteClock "0:00:01"]
[BlackClock "0:00:28"]

1. d4 Nc6 2. Nf3 d6 3. d5 Ne5 4. Nxe5 dxe5 5. e4 Nf6 6. Bd3 e6 7. c4 Bc5 8. O-O c6 9. Qa4 O-O 10. Bg5 cxd5 11. cxd5 exd5 12. Bxf6 Qxf6 13. exd5 Qb6 14. Nc3 Qxb2 15. Ne4 Bb6 16. Rac1 f5 17. Nd6 e4 18. Bc4 Bxf2+ 19. Kh1 Be3 20. Rce1 Bc5 21. Nxe4 b5 22. Qb3 Qxb3 23. Bxb3 Bb4 24. d6+ Kh8 25. Rc1 Bb7 26. Ng5 Rad8 27. Ne6 Bxd6 28. Nxf8 Rxf8 29. Rcd1 Be5 30. Rd7 Be4 31. Rxa7 h5 32. h3 Rd8 33. Re7 Bf6 34. Ra7 Rd3 35. Ra5 Rxh3+ 36. Kg1 Bd4+ 37. Rf2 Rg3 38. Kf1 Bd3+ 39. Kg1 Re3 40. Kh2 Be5+ 41. g3 Bxg3+ 42. Kg2 Be4+ 0-1


[Site "https://www.chess.com"]

[Event "Titled Tuesday Blitz December 06 Early 2022"]
[White "Weetik, Vjacheslav"]
[Black "Przybylski, Wojciech"]
[WhiteFideId "4153472"]
[BlackFideId "1117599"]
[WhiteElo "2469"]
[BlackElo "2217"]
[Result "0-1"]
[Round "04"]
[TimeControl "180+1"]
[Date "2022.12.07"]
[WhiteClock "0:00:02"]
[BlackClock "0:00:19"]

1. d4 Nf6 2. Nf3 e6 3. c4 b6 4. g3 Bb7 5. Bg2 Be7 6. O-O O-O 7. d5 d6 8. Nc3 e5 9. e4 a5 10. Rb1 Nbd7 11. a3 Ne8 12. b4 f5 13. exf5 Rxf5 14. Ne4 Nf8 15. Bh3 Rf7 16. Nfg5 Bxg5 17. Nxg5 Rf6 18. f4 Bc8 19. f5 axb4 20. axb4 h6 21. Ne4 Rf7 22. Rb2 Nh7 23. g4 Qh4 24. Qd3 Nef6 25. Qg3 Qxg3+ 26. Nxg3 Ng5 27. Bxg5 hxg5 28. c5 Ra3 29. Rc1 Bb7 30. c6 Ba6 31. b5 Bc8 32. Rd1 Ra4 33. Re2 Nxg4 34. Bxg4 Rxg4 35. Rf1 Rf4 36. Ra1 Bxf5 37. Ra8+ Kh7 0-1


[Site "https://www.chess.com"]

[Event "Titled Tuesday Blitz December 06 Early 2022"]
[White "Wieczorek, Zbigniew"]
[Black "D`Arruda, Ricardo D."]
[WhiteFideId "1102001"]
[BlackFideId "100692"]
[WhiteElo "2248"]
[BlackElo "2455"]
[Result "0-1"]
[Round "04"]
[TimeControl "180+1"]
[Date "2022.12.07"]
[WhiteClock "0:00:14"]
[BlackClock "0:00:45"]

1. Nf3 d5 2. g3 Nf6 3. Bg2 g6 4. c4 Bg7 5. cxd5 Nxd5 6. d4 O-O 7. O-O Nb6 8. Nc3 Nc6 9. Bg5 h6 10. Bf4 g5 11. Be3 Nc4 12. Bc1 Nxd4 13. Nxd4 Qxd4 14. Qb3 Na5 15. Qb5 Qe5 16. Nd5 Nc6 17. f4 Nd4 18. fxe5 Nxb5 19. Nxe7+ Kh8 20. Nxc8 Raxc8 21. Bxb7 Rb8 22. Bd5 Bxe5 23. Rxf7 Rxf7 24. Bxf7 Nd6 25. Bd5 Bxb2 26. Bxb2+ Rxb2 27. e4 Re2 28. Rc1 Nxe4 29. Bxe4 Rxe4 30. Rxc7 Ra4 31. Rc2 g4 32. Kg2 Kg7 33. h3 h5 34. hxg4 hxg4 35. Rb2 Ra3 36. Kh2 Kf6 37. Kg1 Ke5 38. Kg2 Kd5 39. Rf2 Ke5 40. Re2+ Kd4 41. Rf2 Ke3 42. Rb2 a5 43. Rc2 a4 44. Rb2 Rd3 45. Rb4 Rd2+ 46. Kg1 Rd4 47. Rb8 Kf3 48. Rb2 Kxg3 49. Rg2+ Kf3 50. Rf2+ Ke3 51. Rb2 Rd1+ 52. Kg2 Rd2+ 53. Rxd2 Kxd2 54. Kg3 Kc2 55. Kxg4 Kb2 56. Kf3 Kxa2 57. Ke3 Kb2 58. Kd2 a3 0-1


[Site "https://www.chess.com"]

[Event "Titled Tuesday Blitz December 06 Early 2022"]
[White "Williams, Simon K"]
[Black "Quinones Garcia, Santiago"]
[WhiteFideId "404454"]
[BlackFideId "4408497"]
[WhiteElo "2468"]
[BlackElo "2249"]
[Result "1-0"]
[Round "04"]
[TimeControl "180+1"]
[Date "2022.12.07"]
[WhiteClock "0:00:50"]
[BlackClock "0:00:06"]

1. g4 d5 2. g5 e5 3. d4 exd4 4. Qxd4 Nc6 5. Qa4 Bf5 6. Nf3 Qd7 7. Bf4 Nb4 8. Qxd7+ Kxd7 9. Na3 Bd6 10. Bxd6 Kxd6 11. Nd4 Bg6 12. c3 Nc6 13. Nab5+ Kd7 14. h4 h5 15. Bh3+ Kd8 16. Nxc6+ bxc6 17. Nd4 Ne7 18. O-O-O c5 19. Nb3 c4 20. Nc5 c6 21. e4 Kc7 22. f4 Rad8 23. f5 Bh7 24. g6 fxg6 25. Ne6+ Kb6 26. Nxd8 Rxd8 27. Rhg1 Rg8 28. fxg6 Bxg6 29. exd5 cxd5 30. Rde1 Bf5 31. Rxe7 Bxh3 32. Rgxg7 Rf8 33. Rb7+ Kc6 34. Rxa7 Rf2 35. Rg6+ Kb5 36. a4+ Kc5 37. Ra5# 1-0


[Site "https://www.chess.com"]

[Event "Titled Tuesday Blitz December 06 Early 2022"]
[White "Wojtaszek, Radoslaw"]
[Black "Golubev, Mikhail"]
[WhiteFideId "1118358"]
[BlackFideId "14100983"]
[WhiteElo "2605"]
[BlackElo "2374"]
[Result "1-0"]
[Round "04"]
[TimeControl "180+1"]
[Date "2022.12.07"]
[WhiteClock "0:00:06"]
[BlackClock "0:00:07"]

1. Nf3 d6 2. d4 Nf6 3. g3 g6 4. Bg2 Bg7 5. b3 O-O 6. Bb2 a5 7. a4 c6 8. Na3 Bf5 9. Nc4 Na6 10. O-O Nb4 11. Ne3 Be4 12. c3 Nbd5 13. Nc4 b5 14. Ncd2 b4 15. c4 Nc3 16. Bxc3 bxc3 17. Nxe4 Nxe4 18. Qc2 d5 19. Rfc1 Rb8 20. e3 f5 21. Bf1 e6 22. Bd3 Qb6 23. Bxe4 fxe4 24. Ng5 Rf6 25. Qxc3 Qxb3 26. Qxb3 Rxb3 27. Rab1 Rb4 28. Rxb4 axb4 29. c5 h6 30. Nh3 Rf8 31. Nf4 Kf7 32. Rb1 e5 33. Ne2 exd4 34. exd4 Rb8 35. a5 Ke6 36. a6 Ra8 37. Rxb4 Rxa6 38. Nf4+ Kf5 39. Rb7 Bxd4 40. Rf7+ Bf6 41. Kg2 d4 42. Ne2 d3 43. Nd4+ Ke5 44. Rd7 d2 45. Nb3 Ra3 46. Nxd2 Rd3 47. Nc4+ Ke6 48. Rc7 Kd5 49. Ne3+ Kxc5 50. Rf7 Bd4 51. Ng4 Rd2 52. Re7 e3 53. Nxe3 Bxe3 54. Rxe3 Kd6 55. Re8 c5 56. Rd8+ 1-0


[Site "https://www.chess.com"]

[Event "Titled Tuesday Blitz December 06 Early 2022"]
[White "Xie, Bryan"]
[Black "Simonovic, Miroslav"]
[WhiteFideId "30941296"]
[BlackFideId "919152"]
[WhiteElo "2033"]
[BlackElo "2057"]
[Result "1-0"]
[Round "04"]
[TimeControl "180+1"]
[Date "2022.12.07"]
[WhiteClock "0:00:13"]
[BlackClock "0:00:17"]

1. d4 Nf6 2. Nf3 c5 3. d5 b5 4. a4 bxa4 5. Nc3 d6 6. Rxa4 g6 7. e4 Nbd7 8. Bb5 Bg7 9. Bc6 Rb8 10. Rxa7 O-O 11. O-O Ng4 12. Qe2 Nge5 13. Nxe5 Nxe5 14. Bb5 Bg4 15. f3 Bd7 16. f4 Bxb5 17. Nxb5 Nd7 18. c4 Ra8 19. Rxa8 Qxa8 20. b3 Qa5 21. Bb2 Qa2 22. Rf2 Qxb3 23. Bxg7 Kxg7 24. Qb2+ Qxb2 25. Rxb2 Nb6 26. Nxd6 Na4 27. Ra2 Nc3 28. Rc2 exd6 29. Rxc3 Re8 30. Re3 Ra8 31. e5 dxe5 32. fxe5 Ra4 33. Re4 Kf8 34. Kf2 Ke7 35. Kf3 Ra3+ 36. Kf4 Ra2 37. Kg3 Ra3+ 38. Kf2 Rd3 39. Ke2 Rc3 40. Kd2 Ra3 41. Re2 Ra2+ 42. Kd3 Ra4 43. Kc3 Ra3+ 44. Kb2 Rd3 45. Kc2 Rd4 46. Kc3 Rh4 47. g3 Rg4 48. Ra2 Re4 49. Ra7+ Kf8 50. Rc7 Re3+ 51. Kd2 Rxe5 52. Rxc5 Ke7 53. Rc6 Re4 54. Kd3 Re1 55. c5 Rd1+ 56. Kc4 Rc1+ 57. Kb5 Rb1+ 58. Ka6 Ra1+ 59. Kb7 Rd1 60. Rc7+ Kf6 61. d6 Rd2 62. Kc6 Rxh2 63. Rc8 Rd2 64. d7 h5 65. d8=Q+ Rxd8 66. Rxd8 g5 67. Rd4 Ke5 68. Ra4 f5 69. Kd7 f4 70. gxf4+ gxf4 71. c6 f3 72. c7 f2 73. Ra1 Kf4 74. Rf1 Kg3 75. c8=Q Kg2 76. Qc1 h4 77. Rh1 h3 78. Qf1+ Kg3 79. Rxh3+ Kg4 80. Qg2+ Kf4 81. Rf3+ Ke4 82. Rxf2+ Kd3 83. Rf3+ Ke4 84. Qg4+ Kd5 85. Rf5# 1-0


[Site "https://www.chess.com"]

[Event "Titled Tuesday Blitz December 06 Early 2022"]
[White "Xiong, Jeffery"]
[Black "Gormally, Daniel W"]
[WhiteFideId "2047640"]
[BlackFideId "406465"]
[WhiteElo "2726"]
[BlackElo "2553"]
[Result "1-0"]
[Round "04"]
[TimeControl "180+1"]
[Date "2022.12.06"]
[WhiteClock "0:00:48"]
[BlackClock "0:00:04"]

1. e4 c5 2. Nf3 d6 3. Nc3 Nf6 4. d4 cxd4 5. Qxd4 a6 6. Nd5 Nc6 7. Qd3 e6 8. Nxf6+ Qxf6 9. c3 h6 10. Be2 Be7 11. Be3 O-O 12. a4 Rb8 13. a5 Bd7 14. O-O Rbc8 15. Rfd1 Ne5 16. Nxe5 Qxe5 17. Bd4 Qg5 18. c4 Bc6 19. Bf3 f5 20. b3 Qf4 21. Re1 e5 22. Bb6 fxe4 23. Bxe4 Bxe4 24. Rxe4 Qf7 25. Rd1 Kh8 26. h3 Qe6 27. Qe3 Bg5 28. Qe1 Rf4 29. Rxf4 Bxf4 30. Qe4 Rc6 31. Re1 Qf7 32. h4 Bd2 33. Rd1 Bb4 34. Rd5 Bc3 35. Qd3 Bb4 36. Qh3 Be1 37. Qg4 Rxb6 38. axb6 Qxf2+ 39. Kh2 Bd2 40. Rxd6 Bf4+ 41. Kh3 1-0


[Site "https://www.chess.com"]

[Event "Titled Tuesday Blitz December 06 Early 2022"]
[White "Yeletsky, Ivan"]
[Black "Sargsyan, Anna M."]
[WhiteFideId "24180327"]
[BlackFideId "13308130"]
[WhiteElo "2391"]
[BlackElo "2284"]
[Result "0-1"]
[Round "04"]
[TimeControl "180+1"]
[Date "2022.12.06"]
[WhiteClock "0:00:45"]
[BlackClock "0:00:05"]

1. Nf3 d5 2. g3 Nf6 3. Bg2 g6 4. d3 Bg7 5. O-O O-O 6. Bf4 c5 7. c4 Nc6 8. Ne5 Nh5 9. Nxc6 bxc6 10. Bc1 Rb8 11. Qc2 Qb6 12. Nc3 dxc4 13. dxc4 Bf5 14. e4 Be6 15. Na4 Qb4 16. b3 Bxa1 17. Bd2 Qb7 18. Rxa1 Rfd8 19. Ba5 Rd4 20. Nxc5 Qc8 21. Bc3 Rd8 22. Be5 Ra8 23. Re1 f6 24. Nxe6 Qxe6 25. Bc3 Rd7 26. h4 Rad8 27. Ba5 Rb8 28. Kh2 Qd6 29. Bf1 Ng7 30. c5 Qd4 31. e5 Nf5 32. Re4 Qd1 33. Bc4+ Kf8 34. exf6 Qxc2 35. Re2 Qxe2 36. Bxe2 exf6 37. Bf3 Rc8 38. Bc3 Nd4 39. Bg4 f5 40. Bd1 Re8 41. Kg2 Ne2 0-1


[Site "https://www.chess.com"]

[Event "Titled Tuesday Blitz December 06 Early 2022"]
[White "Yeremyan, Alen"]
[Black "Drygalov, Sergey"]
[WhiteFideId "13308998"]
[BlackFideId "24171743"]
[WhiteElo "2159"]
[BlackElo "2533"]
[Result "1-0"]
[Round "04"]
[TimeControl "180+1"]
[Date "2022.12.06"]
[WhiteClock "0:00:12"]
[BlackClock "0:00:04"]

1. g3 d5 2. Bg2 Nf6 3. c4 dxc4 4. Qa4+ c6 5. Qxc4 e5 6. Nf3 Be6 7. Qc2 Bd6 8. O-O O-O 9. d4 Nbd7 10. Rd1 Qe7 11. Nc3 Rac8 12. Ng5 exd4 13. Nxe6 Qxe6 14. Rxd4 Bc5 15. Rd1 Rfe8 16. e3 Ne5 17. Ne4 Bf8 18. b3 Nxe4 19. Bxe4 g6 20. Bb2 Bg7 21. Bg2 h5 22. Bxe5 Bxe5 23. Rab1 h4 24. Rd3 Rcd8 25. Rbd1 Rxd3 26. Qxd3 Bf6 27. Qc4 Qf5 28. e4 Qg4 29. f3 Qc8 30. Rd6 Kg7 31. f4 hxg3 32. hxg3 Qg4 33. e5 Be7 34. Rd3 Rd8 35. Rxd8 Bxd8 36. Qd3 Bb6+ 37. Kf1 Qh5 38. Qf3 Qh2 39. Ke2 Qg1 40. f5 Qd4 41. fxg6 Qxe5+ 42. Qe4 Qb2+ 43. Kf3 Qf2+ 44. Kg4 Bc7 45. gxf7 Qxg3+ 46. Kh5 Bf4 47. Qf5 Kf8 48. Bh3 Be3 49. Qg4 Qe5+ 50. Qf5 Qh8+ 51. Kg4 Qd4+ 52. Kf3 Bh6 53. Bg4 Qe3+ 54. Kg2 Qd2+ 55. Qf2 Qd5+ 56. Qf3 Qd2+ 57. Qf2 Qd4 58. Qxd4 Kxf7 59. Qe5 Kg6 60. Bh5+ Kh7 61. Qf6 Bg7 62. Qg6+ Kh8 63. Bg4 Kg8 64. Be6+ Kh8 65. Kg3 Bh6 66. Qxh6# 1-0


[Site "https://www.chess.com"]

[Event "Titled Tuesday Blitz December 06 Early 2022"]
[White "Yilmaz, Mustafa"]
[Black "tufferguy"]
[WhiteFideId "6302718"]
[WhiteElo "2564"]
[BlackElo "2598"]
[Result "1-0"]
[Round "04"]
[TimeControl "180+1"]
[Date "2022.12.06"]
[WhiteClock "0:00:03"]
[BlackClock "0:00:01"]

1. d4 d5 2. c4 dxc4 3. e3 e5 4. Bxc4 exd4 5. exd4 Bd6 6. Nf3 Nf6 7. Qe2+ Qe7 8. Qxe7+ Bxe7 9. Nc3 c6 10. O-O O-O 11. Re1 Bd6 12. Ne5 Nbd7 13. Bf4 Nb6 14. Bb3 Be6 15. Bxe6 fxe6 16. Ng6 hxg6 17. Bxd6 Rfe8 18. Re2 Rad8 19. Be5 Nc4 20. g3 Nxe5 21. dxe5 Ng4 22. f4 Rd4 23. Ne4 Nh6 24. Kf2 Red8 25. Ng5 Re8 26. h3 Nf7 27. Nf3 Rd5 28. Rc1 Red8 29. Rcc2 Kf8 30. Red2 Ke7 31. Ke3 Nh6 32. g4 Nf7 33. Rxd5 Rxd5 34. Ke4 Rd1 35. Rd2 Rh1 36. Rh2 Ra1 37. a3 Rc1 38. Rd2 Rh1 39. Rh2 Rc1 40. g5 Rc4+ 41. Ke3 Nd8 42. Rd2 c5 43. Nh4 Rc1 44. Nxg6+ Ke8 45. Nh4 Rh1 46. Nf3 Rxh3 47. Ke4 Nc6 48. g6 Ke7 49. Rd6 Rg3 50. Ng5 Nd4 51. b4 b6 52. bxc5 bxc5 53. Ra6 Nc2 54. Rxa7+ Ke8 55. Nxe6 Rxg6 56. f5 Rg1 57. Nxg7+ Kf8 58. Ne6+ Ke8 59. f6 Re1+ 60. Kd3 Nd4 61. Re7# 1-0


[Site "https://www.chess.com"]

[Event "Titled Tuesday Blitz December 06 Early 2022"]
[White "Zaksaite, Salomeja"]
[Black "Bambino Filho, Antonio Carlos"]
[WhiteFideId "12801496"]
[BlackFideId "2113163"]
[WhiteElo "2079"]
[BlackElo "2397"]
[Result "1-0"]
[Round "04"]
[TimeControl "180+1"]
[Date "2022.12.07"]
[WhiteClock "0:00:05"]
[BlackClock "0:00:17"]

1. e4 c5 2. Nf3 Nc6 3. Bb5 g6 4. O-O Bg7 5. Re1 Nf6 6. e5 Nd5 7. Nc3 Nc7 8. Bxc6 dxc6 9. Ne4 Ne6 10. d3 O-O 11. Be3 b6 12. Qd2 Ba6 13. Bh6 c4 14. Bxg7 Kxg7 15. d4 Qd7 16. c3 Rad8 17. Rad1 Bb7 18. Nfg5 Nxg5 19. Qxg5 Qe6 20. Re3 h6 21. Qh4 c5 22. Rh3 Rh8 23. Ng3 cxd4 24. cxd4 Qd5 25. f3 Bc8 26. Qxe7 Bxh3 27. Qf6+ Kh7 28. gxh3 Rhe8 29. Ne4 Qe6 30. f4 Re7 31. d5 Qxf6 32. Nxf6+ Kg7 33. d6 Rb7 34. Kf2 b5 35. Ke3 Rb6 36. Nd5 Rc6 37. Kd4 a6 38. Ne7 Rb6 39. Kc5 Rbb8 40. Nc6 Rbc8 41. Kb6 Rd7 42. Rd2 g5 43. f5 Kf8 44. e6 Ke8 45. exd7+ Kxd7 46. Ne5+ Ke8 47. d7+ Kd8 48. dxc8=Q+ Kxc8 49. Kc5 c3 50. Rc2 cxb2 51. Rxb2 f6 52. Rc2 fxe5 53. Re2 1-0


[Site "https://www.chess.com"]

[Event "Titled Tuesday Blitz December 06 Early 2022"]
[White "Zhigalko, Sergei"]
[Black "Kim, Sergey"]
[WhiteFideId "13502956"]
[BlackFideId "13700570"]
[WhiteElo "2662"]
[BlackElo "2625"]
[Result "1-0"]
[Round "04"]
[TimeControl "180+1"]
[Date "2022.12.06"]
[WhiteClock "0:00:06"]
[BlackClock "0:01:24"]

1. e4 e5 2. Nf3 Nc6 3. Bc4 Bc5 4. b4 Bxb4 5. c3 Ba5 6. d4 d6 7. Qb3 Qd7 8. O-O Bb6 9. Nbd2 Na5 10. Qc2 Nxc4 11. Nxc4 exd4 12. cxd4 Ne7 13. a4 c6 14. e5 Bc7 15. exd6 Bxd6 16. Nxd6+ Qxd6 17. Ba3 Qg6 18. Qb3 b6 19. Rfe1 Be6 20. Qb4 Qf6 21. a5 b5 22. Nd2 Rd8 23. Ne4 Qh4 24. g3 Nd5 25. gxh4 Nxb4 26. Bxb4 Rxd4 27. Bc3 1-0


[Site "https://www.chess.com"]

[Event "Titled Tuesday Blitz December 06 Early 2022"]
[White "monkins"]
[Black "Lehtosaari, Mauri"]
[BlackFideId "501999"]
[WhiteElo "2266"]
[BlackElo "2503"]
[Result "0-1"]
[Round "04"]
[TimeControl "180+1"]
[Date "2022.12.07"]
[WhiteClock "0:00:01"]
[BlackClock "0:00:12"]

1. Nf3 d5 2. g3 Nf6 3. Bg2 c6 4. d3 Bg4 5. O-O e6 6. Nbd2 Bc5 7. c4 a5 8. d4 Bb6 9. b3 O-O 10. Bb2 a4 11. bxa4 Nbd7 12. c5 Bc7 13. Qb3 Qb8 14. Rfe1 Qa7 15. e4 dxe4 16. Nxe4 Nxe4 17. Rxe4 Nf6 18. Re2 Rfb8 19. h3 Bxf3 20. Qxf3 Qxa4 21. g4 Nd5 22. Qe4 Qc4 23. Rc2 Qa6 24. Bf1 Qa4 25. Rc4 Qa5 26. Bd3 g6 27. h4 Qd2 28. Rc2 Qf4 29. a3 Qh2+ 30. Kf1 Qxh4 31. Bc1 Qf6 32. Be3 Bf4 33. Ke2 Ra4 34. Rh1 Rba8 35. Qf3 Bxe3 36. fxe3 Qxf3+ 37. Kxf3 Rxa3 38. Rd2 Rc3 39. Rhd1 Raa3 40. g5 Kg7 41. Kf2 h6 42. gxh6+ Kxh6 43. Be4 Nxe3 0-1


[Site "https://www.chess.com"]

[Event "Titled Tuesday Blitz December 06 Early 2022"]
[White "sabkeIXO"]
[Black "Guzman Moneo, Alberto"]
[BlackFideId "2209616"]
[WhiteElo "2502"]
[BlackElo "2157"]
[Result "0-1"]
[Round "04"]
[TimeControl "180+1"]
[Date "2022.12.07"]
[WhiteClock "0:00:15"]
[BlackClock "0:00:29"]

1. e4 c5 2. Nc3 Nc6 3. f4 e6 4. Nf3 d5 5. Bb5 Ne7 6. exd5 exd5 7. Qe2 Be6 8. Bxc6+ bxc6 9. O-O Nf5 10. d3 Bd6 11. Ng5 Nd4 12. Qf2 O-O 13. Be3 Rb8 14. b3 Qf6 15. Bxd4 cxd4 16. Nxe6 fxe6 17. Ne2 c5 18. Qf3 Kh8 19. Qg4 a5 20. Kh1 a4 21. Ng3 Bxf4 22. Nh5 Qg5 23. Qxg5 Bxg5 24. Ng3 Bf6 25. Rae1 e5 26. Nf5 Ra8 27. g3 axb3 28. axb3 Ra2 29. Re2 Rfa8 30. Kg2 Rb2 31. Nd6 Raa2 32. Rff2 Kg8 33. Ne8 Kf7 34. Nc7 e4 35. Nxd5 e3 36. Rf4 Rxc2 37. Rxc2 Rxc2+ 38. Kf1 Rxh2 39. g4 h6 40. Rf5 Rb2 41. Nxf6 gxf6 42. Rxc5 Rxb3 43. Ke2 Rb2+ 44. Ke1 Rd2 45. Rc7+ Kg6 0-1


[Site "https://www.chess.com"]

[Event "Titled Tuesday Blitz December 06 Early 2022"]
[White "Abasov, Nijat"]
[Black "Sagita, Catur Adi"]
[WhiteFideId "13402960"]
[BlackFideId "7104618"]
[WhiteElo "2546"]
[BlackElo "2232"]
[Result "1-0"]
[Round "05"]
[TimeControl "180+1"]
[Date "2022.12.07"]
[WhiteClock "0:00:05"]
[BlackClock "0:00:05"]

1. Nf3 Nf6 2. e3 g6 3. c4 Bg7 4. b3 O-O 5. Bb2 c5 6. Be2 Nc6 7. O-O d5 8. cxd5 Nxd5 9. Bxg7 Kxg7 10. d4 cxd4 11. Nxd4 Nxd4 12. Qxd4+ Nf6 13. Qb2 b6 14. Bf3 Rb8 15. Rd1 Qc7 16. Na3 Qc5 17. Rac1 Qg5 18. Rc7 Bg4 19. Bxg4 Qxg4 20. Rd4 Qe6 21. Rxa7 b5 22. Nc2 Rfc8 23. Ne1 Rc6 24. Rdd7 Re8 25. h3 h5 26. Nf3 Qe4 27. Ng5 Qf5 28. Nf3 Rc2 29. Qd4 Qe6 30. Ng5 Qf5 31. Nf3 Qe6 32. Rdc7 Rxc7 33. Rxc7 Ra8 34. Rc2 Qf5 35. Qb2 Kh6 36. Nd4 Qd3 37. Rd2 Qe4 38. Nxb5 g5 39. a4 g4 40. Qd4 Qb1+ 41. Kh2 Qxb3 42. Qf4+ Kg6 43. Rd4 Qb1 44. Nc3 Qb8 45. Qxb8 Rxb8 46. a5 Ra8 47. Ra4 Ra6 48. Kg3 gxh3 49. gxh3 Nd7 50. Nd5 Nc5 51. Ra3 e6 52. Nb4 Ra8 53. a6 Ra7 54. Ra5 Nd7 55. Nc6 Ra8 56. a7 Kf6 57. Rb5 h4+ 58. Kxh4 1-0


[Site "https://www.chess.com"]

[Event "Titled Tuesday Blitz December 06 Early 2022"]
[White "Agasarov, Benik"]
[Black "Chigaev, Maksim"]
[WhiteFideId "13314823"]
[BlackFideId "4108116"]
[WhiteElo "2179"]
[BlackElo "2542"]
[Result "1-0"]
[Round "05"]
[TimeControl "180+1"]
[Date "2022.12.06"]
[WhiteClock "0:00:58"]
[BlackClock "0:00:03"]

1. d4 Nf6 2. c4 g6 3. Nc3 d5 4. cxd5 Nxd5 5. e4 Nxc3 6. bxc3 Bg7 7. Nf3 c5 8. Rb1 O-O 9. Be2 cxd4 10. cxd4 Qa5+ 11. Bd2 Qxa2 12. O-O Bg4 13. Rxb7 a5 14. Bg5 h6 15. Bxe7 Re8 16. d5 Bc8 17. Rc7 Ba6 18. Bxa6 Nxa6 19. Rc2 Qa4 20. d6 Qxe4 21. Re2 Qc6 22. d7 Red8 23. Bxd8 Rxd8 24. Rd2 Nb8 25. Nd4 Bxd4 26. Rxd4 Rxd7 27. Rxd7 Nxd7 28. Qc1 Qa6 29. Rd1 Nf6 30. Qxh6 Qc8 31. Qg5 1-0


[Site "https://www.chess.com"]

[Event "Titled Tuesday Blitz December 06 Early 2022"]
[White "Bacrot, Etienne"]
[Black "Hristodoulou, Panagiotis"]
[WhiteFideId "605506"]
[BlackFideId "4214340"]
[WhiteElo "2667"]
[BlackElo "2272"]
[Result "0-1"]
[Round "05"]
[TimeControl "180+1"]
[Date "2022.12.06"]
[WhiteClock "0:00:04"]
[BlackClock "0:00:05"]

1. e4 e5 2. Nf3 Nc6 3. Bb5 g6 4. O-O Bg7 5. Re1 Nge7 6. c3 a6 7. Ba4 O-O 8. d4 exd4 9. cxd4 b5 10. Bb3 d6 11. Nc3 Bg4 12. Be3 Bxf3 13. gxf3 Na5 14. Bg5 h6 15. Bh4 Qd7 16. Rc1 Nxb3 17. axb3 Rac8 18. f4 Nc6 19. Nd5 Nxd4 20. Ne7+ Kh7 21. Nxc8 Rxc8 22. Bg3 c5 23. Re3 b4 24. Qd3 a5 25. Ra1 d5 26. exd5 Qxd5 27. Rxa5 Qh5 28. Kg2 Qd5+ 29. Qe4 Qd7 30. Ra6 h5 31. Kg1 Nf5 32. Rd3 Bd4 33. Rf6 Re8 34. Qf3 Qe7 35. Rxf5 gxf5 36. Qxh5+ Kg8 37. Bh4 Qe1+ 38. Kg2 Qe4+ 39. Rf3 Re6 40. Bg5 Rg6 41. h3 Kg7 42. Kh2 f6 43. Bh4 Qe1 44. Bg3 Qe2 45. Kg2 Qe4 46. Kh2 Rh6 47. Re3 Rxh5 48. Rxe4 fxe4 49. f5 Rxf5 50. Kg2 Rf3 51. Kf1 f5 52. Ke2 Kf6 0-1


[Site "https://www.chess.com"]

[Event "Titled Tuesday Blitz December 06 Early 2022"]
[White "Bambino Filho, Antonio Carlos"]
[Black "Dzhaparov, Medet"]
[WhiteFideId "2113163"]
[BlackFideId "13803689"]
[WhiteElo "2376"]
[BlackElo "1702"]
[Result "1-0"]
[Round "05"]
[TimeControl "180+1"]
[Date "2022.12.07"]
[WhiteClock "0:01:52"]
[BlackClock "0:01:22"]

1. d4 Nf6 2. Nc3 g6 3. e4 Bg7 4. Be3 d5 5. e5 Ng4 6. Bf4 O-O 7. Qd2 Nc6 8. h3 Ngxe5 9. dxe5 Nxe5 10. Qxd5 Bf5 11. O-O-O c6 12. Qxd8 Rfxd8 13. Rxd8+ Rxd8 14. Be2 b5 15. Nf3 Nd7 16. Rd1 Kf8 17. Nd4 Bxd4 18. Rxd4 Ke8 19. Rd1 Nb6 20. Be3 Rxd1+ 21. Bxd1 Kd7 22. b3 Kc7 23. Bf3 e6 24. Ne2 Kb7 25. g4 1-0


[Site "https://www.chess.com"]

[Event "Titled Tuesday Blitz December 06 Early 2022"]
[White "Battlecruiser_Operational"]
[Black "Sztokbant, Bernardo Vainzoff"]
[BlackFideId "2115956"]
[WhiteElo "2239"]
[BlackElo "2222"]
[Result "1-0"]
[Round "05"]
[TimeControl "180+1"]
[Date "2022.12.07"]
[WhiteClock "0:00:06"]
[BlackClock "0:00:02"]

1. d4 d5 2. c4 c6 3. Nc3 e6 4. e3 Nf6 5. Nf3 Bd6 6. Qc2 O-O 7. Bd2 b6 8. O-O-O Nbd7 9. e4 dxe4 10. Nxe4 Nxe4 11. Qxe4 Bb7 12. Bd3 Nf6 13. Qh4 c5 14. dxc5 bxc5 15. Bc3 h6 16. Ne5 Qc7 17. f4 Ne4 18. Bxe4 Bxe4 19. Rhe1 Bh7 20. g3 Rfe8 21. Qh5 f6 22. Ng4 Bf8 23. Bxf6 Bf5 24. Bc3 Red8 25. Ne5 Be7 26. Qf7+ Kh7 27. Nd7 Rg8 28. Re5 Bd6 29. Rxf5 exf5 30. Qxf5+ Kh8 31. Qe6 Rge8 32. Qxh6+ Kg8 33. Qxg7# 1-0


[Site "https://www.chess.com"]

[Event "Titled Tuesday Blitz December 06 Early 2022"]
[White "Bazarov, Konstantin"]
[Black "Miszler, Levente"]
[WhiteFideId "4137000"]
[BlackFideId "763276"]
[WhiteElo "2228"]
[BlackElo "2176"]
[Result "1-0"]
[Round "05"]
[TimeControl "180+1"]
[Date "2022.12.07"]
[WhiteClock "0:01:06"]
[BlackClock "0:00:19"]

1. c4 c5 2. Nf3 Nc6 3. g3 g6 4. Bg2 Bg7 5. O-O e5 6. d3 Nge7 7. Nc3 d6 8. a3 a5 9. Rb1 O-O 10. Nd2 h6 11. b3 f5 12. Nd5 f4 13. Bb2 g5 14. e3 Ng6 15. Qh5 Nce7 16. Be4 Bf5 17. Bxf5 Rxf5 18. Ne4 Nxd5 19. Qxg6 Ne7 20. Qxd6 g4 21. Rbd1 Qe8 22. exf4 exf4 23. Bxg7 Kxg7 24. Nxc5 Rd8 25. Qxd8 Qxd8 26. Ne6+ Kf6 27. Nxd8 1-0


[Site "https://www.chess.com"]

[Event "Titled Tuesday Blitz December 06 Early 2022"]
[White "Berezin, Viktor"]
[Black "Csonka, Balazs"]
[WhiteFideId "14107872"]
[BlackFideId "742910"]
[WhiteElo "2310"]
[BlackElo "2404"]
[Result "1/2-1/2"]
[Round "05"]
[TimeControl "180+1"]
[Date "2022.12.07"]
[WhiteClock "0:00:13"]
[BlackClock "0:00:05"]

1. Nf3 Nf6 2. g3 d5 3. c4 c6 4. Bg2 dxc4 5. O-O b5 6. a4 Bb7 7. b3 cxb3 8. Qxb3 a6 9. Bb2 e6 10. d3 Be7 11. Nbd2 O-O 12. Ne5 Nd5 13. Rfc1 Kh8 14. h4 f6 15. Nef3 e5 16. h5 Nd7 17. h6 gxh6 18. e4 Nb4 19. d4 exd4 20. Nxd4 c5 21. Ne6 Qb6 22. Nxf8 Rxf8 23. axb5 axb5 24. Qe3 Ne5 25. Ra3 Rd8 26. Qxh6 Ned3 27. Rb1 Nxb2 28. Rxb2 Nd3 29. Rba2 c4 30. Ra7 Qxf2+ 31. Kh2 Ne1 32. Nf1 Nf3+ 33. Kh3 Bc8+ 34. g4 Ng1+ 35. Kh2 Nf3+ 36. Kh3 Bxg4+ 37. Kxg4 Rg8+ 38. Kh3 Ng1+ 39. Kh2 Nf3+ 40. Kh3 Ng1+ 41. Kh2 Nf3+ 42. Kh3 1/2-1/2


[Site "https://www.chess.com"]